 Dungeon Crawl Stone Soup version 0.30.1-4-g462c640d31 (webtiles) character file.

Game seed: 9451189524628800552

222 Tempokai the Covered (level 5, 0/47 HPs)
             Began as a Minotaur Fighter on Sept 3, 2023.
             Was a Believer of Lugonu.
             Slain by a black bear (6 damage)
             ... on level 4 of the Dungeon.
             The game lasted 00:05:13 (3328 turns).

Tempokai the Covered (Minotaur Fighter)             Turns: 3328, Time: 00:05:14

Health: 0/47       AC:  8    Str: 21    XL:     5   Next: 66%
Magic:  4/4        EV: 10    Int:  5    God:    Lugonu [**....]
Gold:   110        SH:  0    Dex: 11    Spells: 4/4 levels left

rFire   . . .        a - +0 war axe
rCold   . . .        s - orb {mayhem}
rNeg    . . .        b - +1 scale mail
rPois   +            (helmet restricted)
rElec   .            (no cloak)
rCorr   .            (no gloves)
SInv    .            (no boots)
Will    .....        (no amulet) Stlth
                     o - ring of poison resistance
HPRegen 0.27/turn    (no ring)
MPRegen 0.09/turn

%: mayhem
@: attractive
A: horns 2, retaliatory headbutt
a: Renounce Religion, Depart the Abyss, Banish


You were on level 4 of the Dungeon.
You worshipped Lugonu.
Lugonu was pleased with you.
You visited 1 branch of the dungeon, and saw 4 of its levels.

You collected 110 gold pieces.

Inventory:

Hand Weapons
 a - a +0 war axe (weapon)
Armour
 b - a +1 scale mail (worn)
 c - a +0 buckler
 s - an orb of mayhem (worn)
Jewellery
 j - a ring of fire
 o - a ring of poison resistance (left hand)
Scrolls
 e - a scroll of enchant armour
 f - a scroll of poison {unknown}
 g - a scroll of blinking
 m - a scroll of fog {unknown}
 n - a scroll of magic mapping {unknown}
 p - a scroll of fear {unknown}
 q - a scroll of enchant weapon {unknown}
 t - a scroll of noise {unknown}
 u - 4 scrolls of identify {unknown}
 v - a scroll of teleportation {unknown}
Potions
 d - 3 potions of might
 h - a potion of attraction
 i - a potion of degeneration {unknown}
 k - a potion of ambrosia {unknown}
 l - a potion of haste {unknown}
 r - a potion of invisibility {unknown}
 w - a potion of heal wounds {unknown}
 x - a potion of curing {unknown}


   Skills:
 + Level 4.5 Fighting
 + Level 4.1 Axes
 + Level 5.0 Armour
 * Level 2.4 Dodging
 + Level 4.3 Shields


You had 4 spell levels left.
You didn't know any spells.
Your spell library contained the following spells:

 Spells                   Type           Power      Damage    Failure   Level
 Fireball                 Conj/Fire      0%         3d3       100%        5
 Iskenderun's Battlesphe  Conj           0%         2d6       100%        5
 Conjure Ball Lightning   Conj/Air       0%         3x3d6     100%        6
 Orb of Destruction       Conj           0%         9d5       100%        7


Dungeon Overview and Level Annotations

Branches:
Dungeon (4/15)
 Temple: D:4-7

Altars:
Cheibriados
Dithmenos
Elyvilon
Fedhas
Qazlal
Ru
Wu Jian
Lugonu

Shops:
D:1 ?   D:4 (==(


Innate Abilities, Weirdness & Mutations

You have a pair of horns on your head.
You reflexively headbutt those who attack you in melee.


Message History

Press: ? - help, Shift-Dir - straight line, f - black bear
Aim: a black bear (fast, strong, frenzied and insane, chance to affect: 78%)
You fail to use your ability.
The black bear bites you but does no damage.
The black bear claws you.
The black bear claws you but does no damage.
You slash the black bear!
You headbutt the black bear, but do no damage.
The black bear is heavily wounded.
The black bear bites you. The black bear barely misses you. x2
The black bear bites you.
The black bear claws you but does no damage.
The black bear claws you.
You closely miss the black bear.
The black bear is heavily wounded.
The black bear closely misses you.
The black bear claws you but does no damage. x2
The black bear bites you!
The black bear claws you but does no damage. x2
You are too injured to fight recklessly!
You closely miss the black bear.
The black bear is heavily wounded.
The black bear barely misses you. x2
The black bear claws you but does no damage.
The black bear bites you. The black bear claws you.
* * * LOW HITPOINT WARNING * * *
The black bear claws you.
* * * LOW HITPOINT WARNING * * *
You closely miss the black bear. You headbutt the black bear.
The black bear is heavily wounded.
The black bear barely misses you. The black bear claws you.
* * * LOW HITPOINT WARNING * * *
The black bear claws you.
* * * LOW HITPOINT WARNING * * *
The black bear bites you but does no damage.
The black bear barely misses you. x2
It was a potion of attraction.
You feel attractive to monsters. The black bear bites you.
You die...

...# #.####.....####.........#
...# #.# ##...##..#..........
...######.# ##.##...#.........#
###.....#.## #.#...##.........#
......#[#..## +#.#).##..........#
....#.#.....###...###...........#
....#.#.........8................
.##.#.#.#...###..h###......)....#
..#)#.#.#..## +#@#).##..........#
..#.#.#.#.## #.#...##....8.8..#
#.#.#.#.#.# ##.##...#.....∩...#
......#.#.# ##...##.?#....8.8..#
#.#.###.#.####.....####.........#
#.#.# #.#...............#........
#.#.# #.########..###############
#.#.# #................. ..#.#
#.################


You could see a neutral black bear (fast, strong, insane).

Vanquished Creatures
  An orc warrior (D:4)
  A hound (D:4)
  A sleepcap (D:4)
  An adder (D:3)
  4 worms
  2 orcs (D:4)
  4 bats
  5 endoplasms
  5 giant cockroaches
  2 goblins (D:3)
  4 hobgoblins
  8 kobolds
  5 quokkas
  7 ball pythons
  5 rats
55 creatures vanquished.

Notes
Turn   | Place    | Note
-------+----------+-------------------------------------------
     0 | D:1      | Tempokai the Minotaur Fighter began the quest for the Orb.
     0 | D:1      | Reached XP level 1. HP: 19/19 MP: 0/0
   134 | D:1      | Found a faded altar of an unknown god.
   144 | D:1      | Prayed at the altar of an unknown god.
   144 | D:1      | Became a worshipper of Lugonu the Unformed
   144 | D:1      | Reached * piety under Lugonu
   225 | D:1      | Reached XP level 2. HP: 27/27 MP: 1/1
   280 | D:1      | Found Vasasso's Magic Scroll Shop.
   794 | D:2      | Reached skill level 4 in Armour
   909 | D:2      | Reached XP level 3. HP: 33/33 MP: 2/2
  1719 | D:3      | Found an ornate altar of the Wu Jian Council.
  1722 | D:3      | Reached skill level 1 in Dodging
  1749 | D:3      | Found a blossoming altar of Fedhas.
  1749 | D:3      | Found a shadowy altar of Dithmenos.
  1750 | D:3      | Found a stormy altar of Qazlal.
  1850 | D:3      | Found a snail-covered altar of Cheibriados.
  2647 | D:4      | Found Xelot's Jewellery Shop.
  2677 | D:4      | Found Niczol's Antique Weapon Shoppe.
  2740 | D:4      | Reached XP level 4. HP: 25/40 MP: 3/3
  2799 | D:4      | Found a sacrificial altar of Ru.
  2882 | D:4      | Found Kiuzijeg's Antique Weapon Shop.
  2902 | D:4      | Reached ** piety under Lugonu
  2968 | D:4      | Found Moharch's Jewellery Emporium.
  3064 | D:4      | Found a white marble altar of Elyvilon.
  3234 | D:4      | Noticed an orc warrior
  3239 | D:4      | Killed an orc warrior
  3240 | D:4      | Reached skill level 5 in Armour
  3240 | D:4      | Reached XP level 5. HP: 31/47 MP: 4/4
  3312 | D:4      | Noticed a black bear
  3328 | D:4      | Slain by a black bear

Illustrated notes

Levels and vault maps discovered:
D:1:      dpeg_arrival_water_fire, layout_basic, serial_shops, shop,
          ebering_ecumenical_altar_ruins, nicolae_figureground_sparkle
D:2:      layout_basic
D:3:      layout_basic, grunt_temple_overflow_open, general_overflow_altar,
          nicolae_titane
D:4:      cheibrodos_barr_body, layout_basic, kennysheep_mini,
          mainiacjoe_overflow_boulevard, serial_shops,
          nicolae_shop_tiny_statue_garden, kennysheep_little_box, shop, shop

Skill      XL: |  1  2  3  4 |
---------------+-------------+-----
Shields        | 4 |  4.3
Fighting       | 4 |  4.5
Armour         | 4 5 |  5.0
Dodging        | 1 2 |  2.4
Axes           | 4 |  4.1

Action                     |  1- 3 |  4- 6 || total
---------------------------+-------+-------++-------
  Melee: War axe           |    81 |    35 ||   116
         Headbutt          |    13 |     6 ||    19
    Use: Scroll            |     3 |       ||     3
         Potion            |       |     1 ||     1
 Armour: Scale mail        |    34 |    24 ||    58
  Dodge: Dodged            |    41 |    21 ||    62
  Block: Buckler           |    11 |       ||    11
